 Dungeon Crawl Stone Soup version 0.29.1-12-g30fa7ad0bf (webtiles) character file.

Game seed: 5064605548654268732

1647 xzight the Ruffian (level 8, -2/79 HPs)
             Began as a Troll Fighter on Dec 27, 2022.
             Killed from afar by Edmund (22 damage)
             ... with a bolt of dispelling energy
             ... on level 6 of the Dungeon.
             The game lasted 00:06:17 (4410 turns).

xzight the Ruffian (Troll Fighter)                  Turns: 4410, Time: 00:06:17

Health: -2/79      AC:  4    Str: 27    XL:     8   Next: 67%
Magic:  7/7        EV: 12    Int:  4    God:
Gold:   310        SH:  8    Dex:  9    Spells: 7/7 levels left

rFire   . . .      SeeInvis .     - Unarmed
rCold   . . .      Faith    .   b - +0 kite shield
rNeg    . . .      Spirit   .   a - +0 robe
rPois   .          Reflect  .   (helmet restricted)
rElec   .          Harm     .   (no cloak)
rCorr   .          Rampage  .   (gloves unavailable)
Will    .....                   (boots unavailable)
Stlth   +.........              (no amulet)
HPRegen 1.03/turn               E - +4 ring of evasion
MPRegen 0.10/turn               (no ring)

@: hasted (expiring), very quick
A: large, unfitting armour, claws 3, regeneration 1, shaggy fur 1, tough skin 1
a: no special abilities


You were on level 6 of the Dungeon.
You visited 2 branches of the dungeon, and saw 7 of its levels.

You collected 370 gold pieces.
You spent 60 gold pieces at shops.


Innate Abilities, Weirdness & Mutations

You are too large for most types of armour.
You have claws for hands.
Your natural rate of healing is unusually fast.
You are covered in fur. (AC +1)
You have tough skin. (AC +1)


   Skills:
 + Level 4.8 Fighting
 + Level 4.3 Throwing
 - Level 2.4 Dodging
 + Level 5.2 Shields
 * Level 7.2 Unarmed Combat


You had 7 spell levels left.
You didn't know any spells.
Your spell library contained the following spells:

 Spells                   Type           Power      Damage    Failure   Level
 Summon Forest            Summ/Tloc      0%         N/A       100%        5
 Summon Mana Viper        Hex/Summ       0%         N/A       100%        5
 Summon Cactus Giant      Summ           0%         N/A       100%        6

Inventory:

Armour
 a - a +0 robe (worn)
 b - a +0 kite shield (worn)
Jewellery
 i - an amulet of faith {!P}
 E - a +4 ring of evasion (left claw)
Wands
 o - a wand of quicksilver (9)
 p - a wand of digging (6)
Scrolls
 e - 2 scrolls of immolation {unknown}
 f - 3 scrolls of fog {unknown}
 g - 7 scrolls of identify {unknown}
 h - 4 scrolls of blinking {unknown}
 j - a scroll of amnesia {unknown}
 k - 2 scrolls of teleportation {unknown}
 m - 2 scrolls of enchant weapon {unknown}
 n - 2 scrolls of silence {unknown}
 s - a scroll of magic mapping {unknown}
 u - a scroll of summoning {unknown}
 y - a scroll of poison {unknown}
Potions
 c - 3 potions of might
 d - 2 potions of curing {unknown}
 l - a potion of haste {@q3}
 q - a potion of attraction {unknown}
 r - 3 potions of heal wounds {@q2}
 t - a potion of magic {unknown}
 v - 3 potions of brilliance {unknown}
 w - a potion of resistance {unknown}
 x - 2 potions of flight {unknown}
 z - a potion of degeneration {unknown}

Dungeon Overview and Level Annotations

Branches:
Dungeon (6/15)             Temple (1/1) D:5

Altars:
Ashenzari
Fedhas
Nemelex Xobeh
Qazlal
Wu Jian
Xom
Yredelemnul
Zin

Shops:
D:3 [   D:6 !

Annotations:
D:5 Ijyb
D:6 Edmund, Prince Ribbit

#.# #.# #.# #.#
#.##############.###
#.#.................
#.#.######.(........
#.#.F......♣.♣.♣.♣..
#.#.#.####....▓.....
#@#§#.#....♣.♣.♣.♣..
#.#@#.#.##..▓.∩.▓...
#.#@#.#..#.♣.♣.♣.♣..
#.#§#.#.......▓.....
#.#.#.#.##.♣.♣.♣.♣..
#.#.#.#.##.........#
#.#.#.#<##.#.#######
#...#.####.#.####
#####.# #▒▒▒...▒▒▒
#<#.# ▒E▒...▒E▒


You could see Edmund (strong) and Prince Ribbit.


Message History

You claw Edmund!
Edmund is lightly wounded.
Prince Ribbit catches a baby bat with his tongue.
Edmund hits you with a +2 flail of protection!
You scratch Edmund but do no damage.
Edmund is lightly wounded.
You block Edmund's attack.
You closely miss Edmund.
Edmund is lightly wounded.
Edmund zaps a wand.
The bolt of dispelling energy hits you!
Your magical effects are unravelling.
You feel yourself speed up.
You feel a little less mighty now.
Prince Ribbit blinks!
Edmund hits you with a +2 flail of protection!
* * * LOW HITPOINT WARNING * * *
You mangle Edmund!!
Edmund is heavily wounded.
Edmund hits you with a +2 flail of protection!
* * * LOW HITPOINT WARNING * * *
You scratch Edmund.
Edmund is heavily wounded.
Prince Ribbit closely misses you.
You barely miss Edmund.
Edmund is heavily wounded.
Prince Ribbit blinks!
Edmund zaps a wand.
The bolt of dispelling energy hits you!!
Your magical effects are unravelling.
You die...

Skill      XL: |  1  2  3  4  5  6  7  8 |
---------------+-------------------------+-----
Shields        | 3 4 5 |  5.2
Throwing       | 1 2 3 4 |  4.3
Unarmed Combat | 3 4 5 6 7 |  7.2
Fighting       | 3 4 |  4.8
Dodging        | |  2.4

Action                   |  1- 3 |  4- 6 |  7- 9 || total
-------------------------+-------+-------+-------++-------
Melee: Unarmed           |    74 |   161 |   103 ||   338
  Use: Potion            |       |       |     2 ||     2
Armor: Robe              |    19 |    36 |    15 ||    70
Dodge: Dodged            |    19 |    51 |    44 ||   114
Block: Kite shield       |    24 |    47 |    27 ||    98

Levels and vault maps discovered:
D:1:      evilmike_arrival_crescent, layout_basic,
          shapermc_ecumenical_altar_mp_highgroup, minmay_misc_feat_cross,
          kennysheep_small_spiral
D:2:      layout_basic, uniq_natasha
D:3:      layout_loops_ring, serial_shops, nicolae_shop_advertising_works
          [nicolae_subvault_shop_adworks], roderic_serpentine_path,
          grunt_ministairs_10, uniq_robin
D:4:      minmay_octagon_keep, layout_rooms
D:5:      layout_rooms, lemuel_coloured_pillars_altar,
          nicolae_overflow_hidden_temple, minmay_temple_entry_wispy,
          uniq_blork_the_orc, uniq_ijyb
D:6:      layout_basic, nicolae_qazlal_style_of_elements,
          minmay_shop_grid_forest, kennysheep_generic_room_6, uniq_edmund,
          uniq_prince_ribbit1
Temple:   hellmonk_temple_two_chambers

Notes
Turn   | Place    | Note
-------+----------+-------------------------------------------
     0 | D:1      | xzight the Troll Fighter began the quest for the Orb.
     0 | D:1      | Reached XP level 1. HP: 22/22 MP: 0/0
    42 | D:1      | Found a faded altar of an unknown god.
   119 | D:1      | Reached XP level 2. HP: 29/29 MP: 1/1
   442 | D:1      | Reached skill level 3 in Shields
   442 | D:1      | Reached XP level 3. HP: 31/36 MP: 2/2
   887 | D:2      | Reached skill level 1 in Throwing
   940 | D:2      | Reached skill level 3 in Unarmed Combat
  1077 | D:2      | Reached XP level 4. HP: 36/44 MP: 3/3
  1265 | D:2      | Reached skill level 3 in Fighting
  1322 | D:2      | Noticed Natasha
  1327 | D:2      | Killed Natasha
  1328 | D:2      | Reached XP level 5. HP: 49/53 MP: 4/4
  1360 | D:2      | Noticed Natasha
  1369 | D:2      | Killed Natasha
  1440 | D:2      | Noticed Natasha
  1453 | D:2      | Killed Natasha
  1977 | D:3      | Reached skill level 2 in Throwing
  2029 | D:3      | Reached skill level 4 in Unarmed Combat
  2054 | D:3      | Noticed Robin
  2073 | D:3      | Killed Robin
  2163 | D:3      | Found Ohall's Armour Boutique.
  2213 | D:3      | Reached XP level 6. HP: 59/61 MP: 5/5
  3128 | D:4      | Reached skill level 4 in Shields
  3128 | D:4      | Reached skill level 5 in Unarmed Combat
  3128 | D:4      | Reached XP level 7. HP: 59/68 MP: 6/6
  3211 | D:4      | Reached skill level 3 in Throwing
  3379 | D:5      | Entered Level 5 of the Dungeon
  3393 | D:4      | Reached skill level 4 in Fighting
  3470 | D:5      | Found an ornate altar of the Wu Jian Council.
  3541 | D:5      | Reached skill level 6 in Unarmed Combat
  3561 | D:5      | Reached XP level 8. HP: 73/78 MP: 7/7
  3566 | D:5      | Found a staircase to the Ecumenical Temple.
  3575 | Temple   | Entered the Ecumenical Temple
  3685 | D:5      | Noticed Ijyb
  3701 | D:5      | Noticed Blork the orc
  3719 | D:5      | Killed Blork the orc
  4070 | D:6      | Reached skill level 4 in Throwing
  4070 | D:6      | Reached skill level 5 in Shields
  4097 | D:6      | Reached skill level 7 in Unarmed Combat
  4235 | D:6      | Found Feenodacw's Distillery.
  4242 | D:6      | Bought a potion of heal wounds for 60 gold pieces
  4272 | D:6      | Found a stormy altar of Qazlal.
  4318 | D:6      | Noticed an air elemental
  4370 | D:6      | Noticed Edmund
  4370 | D:6      | Noticed Prince Ribbit
  4410 | D:6      | Killed from afar by Edmund

Vanquished Creatures
  2 ice beasts
  2 black bears (D:4)
  A sky beast (D:6)
  2 ogres
  A centaur (D:6)
  2 phantoms
  Blork the orc (D:5)
  2 scorpions (D:4)
  3 iguanas
  An orc priest (D:3)
  3 hounds
  4 jellies
  Natasha (thrice) (D:2)
  Robin (D:3)
  5 gnolls
  9 adders
  An ufetubus (D:5)
  2 worms (D:4)
  A dart slug (D:1)
  9 orcs
  9 ball pythons
  2 bats
  4 endoplasms
  2 giant cockroaches
  13 goblins
  10 hobgoblins
  4 jackals
  4 quokkas
  6 frilled lizards
  8 kobolds
  6 rats
123 creatures vanquished.

Table legend: (Time is in decaauts)
 A = Elapsed time spent in this place.
 B = Non-inter-level travel time spent in this place.
 C = Inter-level travel time spent in this place.
 D = Time resting spent in this place.
 E = Time spent auto-exploring this place.
 F = Levels seen in this place.
 G = Mean time per level.
                   A        B        C        D        E       F      G
               +--------+--------+--------+--------+--------+-----+--------+
         Total |   4428 |   4278 |    150 |     99 |   3285 |   7 |  632.6 |
       Dungeon |   4390 |   4245 |    145 |     99 |   3262 |   6 |  731.7 |
        Temple |     37 |     32 |      5 |      0 |     23 |   1 |   37.0 |
               +--------+--------+--------+--------+--------+-----+--------+

Top non-repeatable levels by time:
     D:2: 949 daAuts
     D:3: 889 daAuts
     D:1: 878 daAuts
     D:4: 713 daAuts
     D:6: 528 daAuts
     D:5: 431 daAuts
  Temple: 37 daAuts

Table legend:
 A = Non-vault XP
 B = Vault XP
 C = Vault XP percentage of total XP
 D = Non-vault monster count
 E = Vault monster count
 F = Vault count percentage of total count
                 A         B        C        D         E       F
            +---------+---------+-------+---------+---------+-------
      Total |    1898 |     456 |  19.4 |     101 |      22 |  17.9
            +---------+---------+-------+---------+---------+-------
        D:1 |      47 |       0 |   0.0 |      20 |       0 |   0.0
        D:2 |     198 |      35 |  15.0 |      29 |       1 |   3.3
        D:3 |     133 |      30 |  18.4 |      16 |       9 |  36.0
        D:4 |     378 |     300 |  44.2 |      16 |      11 |  40.7
        D:5 |     541 |      91 |  14.4 |      12 |       1 |   7.7
        D:6 |     601 |       0 |   0.0 |       8 |       0 |   0.0
            +---------+---------+-------+---------+---------+-------
